[Event "Early-Titled-Tuesday-Blitz-September-12-2023"]
[Site "Chess.com"]
[Date "2023.09.12"]
[Round "7"]
[White "Zohid6"]
[Black "Kacparov"]
[Result "0-1"]
[WhiteElo "2733"]
[BlackElo "2913"]
[TimeControl "180+1"]
[EndTime "9:18:57 PDT"]
[Termination "Kacparov won by checkmate"]

1. d4 Nf6 2. Nc3 d5 3. Bf4 g6 4. e3 Bg7 5. h4 c6 6. Bd3 Nbd7 7. g4 h6 8. h5 g5 9. Bg3 Qb6 10. Rb1 a6 11. b4 Qd8 12. f4 Nb6 13. fxg5 hxg5 14. Be2 Nc4 15. Qd3 Nxg4 16. e4 Nge3 17. Nf3 dxe4 18. Nxe4 Bf5 19. Bf2 Qd5 20. Nfxg5 Bxd4 21. Bf3 Ne5 22. Qe2 Nxf3+ 23. Qxf3 Nxc2+ 24. Kf1 Bxf2 25. Kxf2 Qd4+ 26. Kg3 Qe5+ 27. Qf4 Qxf4+ 28. Kxf4 Bxe4 29.
Kxe4 Na3 30. Rbf1 f6 31. Ne6 Nb5 32. h6 Nd6+ 33. Kf3 Kf7 34. Nc5 a5 35. Rfg1 Rh7 36.
b5 cxb5 37. Rh5 Rc8 38. a3 b6 39. Nd3 Rc3 40. Ke2 Rxa3 41. Nf4 Ra2+ 42. Kd3 Ra3+ 43. Kc2 Ra4 44. Nd5 Rc4+ 45. Kd3 Rc5 46. Kd4 b4 47. Rg3 Nb5+ 48. Kd3 Nc3 49. Nf4 Rxh5 50.
Nxh5 Rxh6 51. Nf4 e5 52. Ng2 f5 53. Rg5 Kf6 54. Rg8 Rh3+ 55. Kc4 Ne4 56. Rb8 Rc3+ 57.
Kd5 Rc5# 0-1

[Event "Early-Titled-Tuesday-Blitz-September-12-2023"]
[Site "Chess.com"]
[Date "2023.09.12"]
[Round "7"]
[White "Nekoo04"]
[Black "AttilaTurzo"]
[Result "0-1"]
[WhiteElo "2285"]
[BlackElo "2470"]
[TimeControl "180+1"]
[EndTime "9:18:57 PDT"]
[Termination "AttilaTurzo won on time"]

1. d4 Nf6 2. c4 e6 3. Nf3 d5 4. g3 Bb4+ 5. Bd2 Be7 6. Bg2 O-O 7. O-O c6 8. Qc2 Nbd7 9. Bf4 b6 10. cxd5 cxd5 11.
Qc6 Ba6 12. Nc3 Qc8 13. Qa4 Qb7 14. Nb5 Bxb5 15. Qxb5 Rfc8 16. Rfc1 a6 17. Qd3 b5 18.
Rxc8+ Rxc8 19. Rc1 Rc4 20. b3 Rxc1+ 21. Bxc1 Qc6 22.
Bd2 Ne4 23. Ne1 Nxd2 24. Qxd2 f5 25. Nd3 Bd6 26. Qa5 Bc7 27. Qd2 a5 28. e3 b4 29. Bf1 Nf6 30. f3 Bd6 31. Qc1 Qxc1 32. Nxc1 g5 33. Kf2 g4 34. Bg2 gxf3 35. Bxf3 e5 36. dxe5 Bxe5 37. Nd3 Bd6 38. Ke2 Kf7 39. Nf2 Ke6 40. Kd3 Be5 41. Nh3 Ne4 42. Bxe4 fxe4+ 43. Ke2 h6 44. Nf2 Kf5 45. Kf1 Bc3 46. Ke2 h5 47. h3 Be5 48. g4+ hxg4 49. Nxg4 Bg3 50. Nh6+ Ke6 0-1

[Event "Early-Titled-Tuesday-Blitz-September-12-2023"]
[Site "Chess.com"]
[Date "2023.09.12"]
[Round "7"]
[White "Bastiandash"]
[Black "MatyChess1"]
[Result "0-1"]
[WhiteElo "2549"]
[BlackElo "2700"]
[TimeControl "180+1"]
[EndTime "9:18:58 PDT"]
[Termination "MatyChess1 won by resignation"]

1. e4 c6 2. d4 d5 3. f3 e6 4. Nc3 Nf6 5. e5 Nfd7 6. f4 c5 7. Nf3 Nc6 8. Be3 b6 9. Bd3 Be7 10. O-O Bb7 11. f5 cxd4 12. Nxd4 Nxd4 13. Bxd4 Bc5 14. Bxc5 Nxc5 15. Bb5+ Kf8 16. b4 exf5 17. bxc5 bxc5 18. Rxf5 g6 19. Rf6 Kg7 20. Qe2 Qe7 21.
Raf1 Rhf8 22. Bc6 Bxc6 23. Rxc6 Rad8 24. Rcf6 d4 25. Nd1 Rd5 26. Qf3 Rxe5 27. Nb2 Re3 28.
Qf4 Re4 29. Qg5 Re5 30. Qg3 Re3 31. R6f3 Rxf3 32. Qxf3 Qe6 33. Nd3 c4 34. Nf4 Qf5 35. Qf2 Rd8 36. Ne2 Qxf2+ 37. Kxf2 d3 38. cxd3 cxd3 39. Nc3 Rc8 40. Ne4 Rc2+ 41. Kf3 Rxa2 42. Rd1 f5 43. Nf2 d2 44. Ke2 a5 45. Rxd2 Rxd2+ 46. Kxd2 Kf6 47. Nd3 g5 48. Kc3 f4 49. Kd4 Kf5 50.
Ne5 h5 51. Nc4 a4 52. Kd5 g4 53. Nd6+ Kg5 54. Ke5 a3 55. Ne4+ Kg6 56. Nc3 f3 57. gxf3 gxf3 0-1

[Event "Early-Titled-Tuesday-Blitz-September-12-2023"]
[Site "Chess.com"]
[Date "2023.09.12"]
[Round "7"]
[White "Bilan_Danila"]
[Black "Cheer_Down"]
[Result "0-1"]
[WhiteElo "2583"]
[BlackElo "2432"]
[TimeControl "180+1"]
[EndTime "9:18:58 PDT"]
[Termination "Cheer_Down won on time"]

1. d4 d5 2. Nf3 Nf6 3. c4 e6 4.
Nc3 c5 5. cxd5 Nxd5 6. e4 Nxc3 7. bxc3 cxd4 8. cxd4 Bb4+ 9. Bd2 Bxd2+ 10. Qxd2 O-O 11.
Bc4 Nd7 12. O-O b6 13. Rad1 Bb7 14. Rfe1 Rc8 15. Bb3 h6 16. h3 Nf6 17. d5 exd5 18. exd5 Rc5 19. Re5 Qd6 20. g4 Rd8 21. g5 Nd7 22.
Re4 hxg5 23. Qxg5 Nf6 24. Re5 Bxd5 25. Bxd5 Rxd5 26. Rexd5 Nxd5 27. Nh4 f6 28. Qg4 g5 29. Nf5 Qe5 30. Rd3 Re8 31. Rg3 Nf4 32. Kh2 Ne2 33. Qh5 Nf4 34. Qh6 Qxf5 35. h4 Qg6 36. Qxg6+ Nxg6 37.
hxg5 f5 38. Rc3 Re7 39. Kg3 Kg7 40. f4 Rb7 41. Rc6 b5 42. Rc5 Ne7 43. Kf3 a5 44. Ke3 Kf7 45. Kd4 Ke6 46. Rc2 b4 47. Ke3 a4 48. Re2 b3 49. axb3 axb3 50. Kd3+ Kf7 51.
Kc3 Ng6 52. Rf2 Ke6 53. Kb2 Kd5 54. Re2 Nxf4 55. Re8 Nd3+ 56. Kb1 f4 57. g6 b2 58. Rf8 Rg7 0-1

[Event "Early-Titled-Tuesday-Blitz-September-12-2023"]
[Site "Chess.com"]
[Date "2023.09.12"]
[Round "7"]
[White "BatboldNyamsuren0919"]
[Black "Doomfist26"]
[Result "1-0"]
[WhiteElo "2506"]
[BlackElo "2614"]
[TimeControl "180+1"]
[EndTime "9:18:58 PDT"]
[Termination "BatboldNyamsuren0919 won on time"]

1. d4 Nf6 2. c4 g6 3. Nc3 Bg7 4.
e4 d6 5. f3 O-O 6. Be3 c5 7.
dxc5 dxc5 8. Qxd8 Rxd8 9. Bxc5 Nc6 10. Be3 Be6 11. Rd1 Nd7 12. Nge2 Bxc4 13. Nd4 Bxf1 14. Rxf1 Nb6 15. Nxc6 bxc6 16. Ke2 Nc4 17. Bc1 Rxd1 18. Rxd1 Rb8 19. b3 Nb6 20. Bf4 Rc8 21. Kd3 Kf8 22. Kc2 Ke8 23. Ne2 c5 24. Be3 Nd7 25. Nf4 e6 26. Rd6 c4 27. b4 Bf8 28. Ra6 Bxb4 29.
Rxa7 Ne5 30. a3 Be7 31. a4 Nc6 32. Rb7 Ra8 33. Rb6 Nb4+ 34. Kc3 Rxa4 35. Rb8+ Kd7 36. Rb7+ Kd8 37. Bb6+ Ke8 38. Kxc4 Nd5+ 39. Kb5 Rb4+ 40. Kc6 Rc4+ 41. Kb5 Rb4+ 42. Kc6 Rxb6+ 43. Rxb6 Nxb6 44. Kxb6 Bd6 45. g3 Kd7 46. Nd3 h5 47. Nc5+ Ke7 48. Kc6 h4 49. gxh4 Bxh2 50. Nd3 Bg3 51. Kc5 Bxh4 52. Kd4 Kf6 53. Ke3 e5 54. Nc5 1-0

[Event "Early-Titled-Tuesday-Blitz-September-12-2023"]
[Site "Chess.com"]
[Date "2023.09.12"]
[Round "7"]
[White "MartinMatthiesen"]
[Black "emeli_chess"]
[Result "1-0"]
[WhiteElo "2513"]
[BlackElo "2351"]
[TimeControl "180+1"]
[EndTime "9:18:58 PDT"]
[Termination "MartinMatthiesen won by resignation"]

1. d4 Nf6 2. c4 e6 3. Nf3 d5 4. g3 dxc4 5. Bg2 Nc6 6. O-O Rb8 7.
e3 b5 8. Qe2 Be7 9. Rd1 O-O 10.
e4 Bd7 11. Bf4 Nb4 12. Ne1 Bc6 13. Nc3 a5 14. a3 Na6 15. a4 b4 16. Nb5 Bxb5 17. axb5 Rxb5 18. Qxc4 Qb8 19. Nd3 Qb7 20. Ne5 Bd6 21. Bf1 Rb6 22. Rxa5 Ra8 23. f3 Nb8 24.
Rxa8 Qxa8 25. Nd3 Bxf4 26. Nxf4 Qc6 27. Qxc6 Rxc6 28. Ra1 Nbd7 29. Ra8+ Nf8 30. Rb8 Rb6 31. Rxb6 cxb6 32. Nd3 N8d7 33. Nxb4 e5 34. Nc6 exd4 35. Nxd4 Kf8 36. Kf2 Ke7 37. Nf5+ Kf8 38. Ke3 g6 39. Nd6 Ke7 40. Nc4 Ne8 41. Be2 Nc7 42. f4 f6 43. Bg4 b5 44. Bxd7 Kxd7 45. Nd2 Kd6 46. Kd4 Ne6+ 47. Kc3 Nc5 48. b4 Ne6 49. Nb3 Nc7 50. Nd4 h5 51. Kd3 g5 52. Ke3 h4 53.
gxh4 gxh4 54. Nf5+ Ke6 55. Nxh4 Ne8 56. Nf5 Nc7 57. Nd4+ Kd6 58. h4 Ke7 59. h5 Kf7 60. e5 Nd5+ 61. Ke4 Nxb4 62. e6+ Kg7 63. Nf5+ Kf8 64.
h6 Nc6 65. h7 1-0

[Event "Early-Titled-Tuesday-Blitz-September-12-2023"]
[Site "Chess.com"]
[Date "2023.09.12"]
[Round "7"]
[White "KNVB"]
[Black "PapiPapita"]
[Result "1-0"]
[WhiteElo "2761"]
[BlackElo "2586"]
[TimeControl "180+1"]
[EndTime "9:19:00 PDT"]
[Termination "KNVB won on time"]

1. c4 c5 2. Nf3 g6 3. e4 Bg7 4. d4 cxd4 5. Nxd4 Nc6 6. Be3 Nf6 7. Nc3 O-O 8. Be2 d6 9. O-O Qa5 10. Re1 Bd7 11. f3 Rfc8 12. Rc1 a6 13. Nb3 Qd8 14.
Na4 Rab8 15. Nb6 Bh6 16. Bxh6 Qxb6+ 17. Kh1 Ne5 18. Bf4 Ba4 19. c5 Bxb3 20. Qxb3 Qxb3 21. axb3 Nfd7 22. cxd6 exd6 23. Red1 Rxc1 24. Rxc1 Kf8 25. Kg1 Ke7 26. Be3 Kd8 27. Kf1 Rc8 28. Rxc8+ Kxc8 29. f4 Nc6 30. Bc4 f6 31. Bg8 h6 32. Ke2 Nc5 33.
Bd5 Kd7 34. h4 Ne7 35. Kf3 Nxd5 36. exd5 f5 37. h5 gxh5 38. Kg3 Ne4+ 39. Kh4 Nf6 40. Bd4 Nxd5 41. g3 Ke6 42. Kxh5 Nb4 43. Kxh6 Nc2 44. Bh8 d5 45. Kg6 Ne3 46. Bd4 Nc2 47. Bf2 d4 48. g4 d3 49. gxf5+ Kd7 50. f6 d2 51. f7 d1=Q 52. f8=Q Qg4+ 53. Kh7 Qh5+ 54. Kg8 Qg4+ 55. Qg7+ Qxg7+ 56. Kxg7 Na1 57. f5 1-0

[Event "Early-Titled-Tuesday-Blitz-September-12-2023"]
[Site "Chess.com"]
[Date "2023.09.12"]
[Round "7"]
[White "assezde36"]
[Black "Alexei_Gubajdullin"]
[Result "1-0"]
[WhiteElo "2816"]
[BlackElo "2619"]
[TimeControl "180+1"]
[EndTime "9:19:01 PDT"]
[Termination "assezde36 won by resignation"]

1. e4 g6 2. d4 d6 3. Be3 a6 4.
Qd2 Nf6 5. Bd3 Bg7 6. Bh6 Bxh6 7. Qxh6 Nc6 8. Nf3 Bg4 9. Nbd2 e5 10. dxe5 Nxe5 11.
Nxe5 dxe5 12. Nc4 Qe7 13. Qg5 O-O-O 14. Qxe5 Qb4+ 15. c3 Qa4 16. Qxf6 Rxd3 17. Qxh8+ Rd8 18. b3 Qd7 19. Qd4 Qe7 20. Qe5 Qh4 21. O-O f6 22. Qg3 Qh5 23. f3 Be6 24. Rad1 Re8 25. Qf2 Kb8 26. Ne3 Qe5 27. Nd5 c6 28. Nb6 Qxc3 29. Nd7+ Kc7 30. Nc5 Bc8 31. Rc1 Qe5 32. Rfd1 Re7 33.
Na4 Qa5 34. Qc5 Qxc5+ 35. Nxc5 f5 36. exf5 Bxf5 37. Re1 Rf7 38. Ne6+ Kb6 39. Nd4 Bd7 40. b4 a5 41. a3 axb4 42. axb4 Rf4 43. Re4 Rf7 44. Rce1 Bf5 45. Nxf5 Rxf5 46. Re5 Rf4 47. R1e4 Rf6 48. h4 h6 49. Kh2 Rf5 50. Rxf5 gxf5 51.
Rf4 Kb5 52. Kg3 b6 53. h5 c5 54. bxc5 bxc5 55. Rxf5 Kb4 56. Kf4 c4 57. Rf6 c3 58.
Rc6 Kb3 59. g4 c2 60. g5 c1=Q+ 61. Rxc1 1-0

[Event "Early-Titled-Tuesday-Blitz-September-12-2023"]
[Site "Chess.com"]
[Date "2023.09.12"]
[Round "7"]
[White "Vesper2018"]
[Black "maracayo"]
[Result "1-0"]
[WhiteElo "2606"]
[BlackElo "2446"]
[TimeControl "180+1"]
[EndTime "9:19:01 PDT"]
[Termination "Vesper2018 won by resignation"]

1. e4 d6 2. d4 Nf6 3. Nc3 c6 4. f4 Qa5 5. Bd3 e5 6. Nf3 Nbd7 7. O-O Be7 8. h3 O-O 9. Be3 Re8 10. a3 Bf8 11.
Qd2 h6 12. b4 Qc7 13. Rae1 b5 14. d5 a6 15. fxe5 dxe5 16. dxc6 Qxc6 17. Bf2 Bb7 18. Bg3 Rac8 19. Ne2 Rcd8 20. Nc1 Qc7 21. Nb3 Nb6 22. Qf2 Nc4 23. Nh4 Nb2 24. Re3 Nxd3 25. cxd3 Nh5 26. Nf5 Nxg3 27. Rxg3 Kh7 28. Nxg7 Bxg7 29.
Qxf7 Qb6+ 30. Nc5 Rg8 31. Qxb7 Qxb7 32. Nxb7 Rdf8 33. Nc5 Rxf1+ 34. Kxf1 Ra8 35. Ne6 Bf6 36. Rf3 Kg6 37. Nc7 Ra7 38. Nd5 Bg5 39. Rf8 a5 40.
Rb8 axb4 41. axb4 Ra1+ 42. Ke2 Ra2+ 43. Kf3 Rd2 44. Rxb5 Rxd3+ 45. Ke2 Rg3 46. Kf2 Rb3 47. Rb6+ Kf7 48. b5 h5 49. Rb7+ Ke6 50. b6 Rb2+ 51. Kf3 Rb3+ 52. Ke2 Rb2+ 53. Kf1 Rb1+ 54. Ke2 Rb2+ 55.
Kd3 Rxg2 56. Rg7 Rg3+ 57. Kc4 Bh4 58. Rxg3 Bxg3 59. b7 1-0

[Event "Early-Titled-Tuesday-Blitz-September-12-2023"]
[Site "Chess.com"]
[Date "2023.09.12"]
[Round "7"]
[White "JaloliddinIlkhomi"]
[Black "GaalZsoka"]
[Result "1-0"]
[WhiteElo "2620"]
[BlackElo "2475"]
[TimeControl "180+1"]
[EndTime "9:19:03 PDT"]
[Termination "JaloliddinIlkhomi won by checkmate"]

1. d4 Nf6 2. Nf3 c5 3. c3 g6 4. Bg5 Ne4 5. Bf4 Bg7 6. e3 O-O 7. Nbd2 d5 8. Bd3 cxd4 9. exd4 Nd6 10. O-O Nc6 11. Qe2 Bf5 12. Rfe1 Bxd3 13. Qxd3 e6 14. a4 Na5 15. Ne5 Rc8 16. Qh3 Nf5 17. Ng4 Qh4 18. Nh6+ Kh8 19. Qxh4 Nxh4 20. Ng4 Nf5 21.
Ne5 Kg8 22. g4 Nd6 23. Nxg6 hxg6 24. Bxd6 Rfd8 25. Be5 Nc4 26. Nxc4 Rxc4 27. Bxg7 Kxg7 28. f4 Rh8 29. Kg2 b6 30. Re3 Rcc8 31. Rf1 Rh4 32. h3 Rch8 33. f5 exf5 34. gxf5 g5 35. f6+ Kg6 36. Rff3 g4 37. hxg4 Rh2+ 38. Kg3 Rxb2 39.
Re5 Ra2 40. Rxd5 Rxa4 41. Kf4 Kxf6 42. Rd7 Ke6 43. Rc7 Ra2 44. Ke4 Re8 45. Rfxf7 Kd6+ 46.
Kd3 a5 47. Rb7 Kc6 48. Rfc7+ Kd6 49. Rf7 Kc6 50. Ra7 Ree2 51. Rf6+ Kb5 52. c4+ Kb4 53. Rxb6+ Ka4 54. c5 Rac2 55. Rba6 Rg2 56. Rxa5+ Kb4 57. Ra4+ Kb5 58. R7a5+ Kc6 59. Ra6+ Kc7 60. Ra7+ Kc6 61. R4a6+ Kb5 62. Rb6# 1-0

[Event "Early-Titled-Tuesday-Blitz-September-12-2023"]
[Site "Chess.com"]
[Date "2023.09.12"]
[Round "7"]
[White "Ind1anStar"]
[Black "MarijaKuznecova"]
[Result "1/2-1/2"]
[WhiteElo "2540"]
[BlackElo "2409"]
[TimeControl "180+1"]
[EndTime "9:19:03 PDT"]
[Termination "Game drawn - insufficient material"]

1. e4 c5 2. Nf3 d6 3. d4 cxd4 4. Nxd4 Nf6 5. Nc3 a6 6. Bg5 e6 7. f4 Qb6 8. Qd2 Qxb2 9. Rb1 Qa3 10. e5 h6 11. Bh4 dxe5 12. fxe5 Nd5 13. Nxd5 exd5 14.
Be2 Be7 15. Bxe7 Qxe7 16. Qf4 Nc6 17. Nf3 O-O 18. O-O b5 19. Rbe1 Bd7 20. Kh1 f6 21. exf6 Rxf6 22. Qd2 Qf7 23. Rd1 Be6 24. Qc3 Rc8 25. Qa3 Qb7 26. Bd3 Rcf8 27. Qc5 Rc8 28. Qe3 Bg4 29. Rde1 Qf7 30. Nd4 Rf8 31. Rxf6 Qxf6 32.
Nxc6 Qxc6 33. Qd4 Be6 34. Qe5 Bf7 35. h3 Re8 36. Qg3 Rd8 37. Qf4 Qd7 38. Rf1 Qe7 39. Qf5 g6 40. Qf4 Re8 41. Qxh6 Qe6 42. Qg5 Kg7 43. h4 Rh8 44. Rf3 Rh5 45. Qg3 Qe7 46.
Rf4 g5 47. Rg4 Kh6 48. Rxg5 Qxg5 49. Qxg5+ Rxg5 50. hxg5+ Kxg5 51. Kg1 Kf4 52. Kf2 d4 53. g3+ Ke5 54. a3 Bc4 55. Ke2 a5 56. Kd2 Kd5 57. c3 dxc3+ 58. Kxc3 b4+ 59. axb4 axb4+ 60. Kxb4 Bxd3 61.
g4 Bg6 62. Kc3 Ke5 63. g5 Kf5 64. Kd4 Kxg5 1/2-1/2

[Event "Early-Titled-Tuesday-Blitz-September-12-2023"]
[Site "Chess.com"]
[Date "2023.09.12"]
[Round "7"]
[White "M_One1126"]
[Black "Chessmissile07"]
[Result "0-1"]
[WhiteElo "2570"]
[BlackElo "2876"]
[TimeControl "180+1"]
[EndTime "9:19:04 PDT"]
[Termination "Chessmissile07 won by resignation"]

1. e4 e5 2. Nc3 Nc6 3. Bc4 Be7 4. d3 d6 5. f4 Be6 6. Nd5 Nf6 7. Nf3 O-O 8. O-O exf4 9. Bxf4 Bxd5 10. exd5 Na5 11.
Qd2 Nxc4 12. dxc4 Nd7 13. Kh1 Bf6 14. c3 a5 15. Rae1 a4 16. Nd4 Nb6 17. Qd3 Qd7 18. h3 Rae8 19. Nb5 Qc8 20. c5 dxc5 21. Bxc7 Rxe1 22. Rxe1 Nd7 23. Qe2 Bh4 24. Rf1 Qe8 25. Qg4 Bf6 26. Bd6 Ne5 27. Qe2 Ng6 28. Qxe8 Rxe8 29.
Bxc5 Re2 30. d6 Ne5 31. Bd4 Nd7 32. Bxf6 gxf6 33. Rf4 Rxb2 34. Nc7 Rxa2 35. Rg4+ Kf8 36. Rb4 a3 37. Rxb7 Rb2 38. Ra7 a2 39. Kh2 h5 40.
Ra8+ Kg7 41. Ra7 Ne5 42. Ne6+ Kg6 43. Nd4 h4 44. Ra4 Rd2 45. Ra5 Kg7 46. Ra7 Kh6 47. Nf5+ Kg6 48. Nd4 f5 49. Ra6 f6 50. Ra8 f4 51.
Kg1 Rd1+ 52. Kf2 a1=Q 53. Rxa1 Rxa1 54. Nf3 Ra2+ 55. Kf1 Nxf3 56. d7 Rd2 57. gxf3 Rxd7 0-1

[Event "Early-Titled-Tuesday-Blitz-September-12-2023"]
[Site "Chess.com"]
[Date "2023.09.12"]
[Round "7"]
[White "BillieKimbah"]
[Black "Arystanner"]
[Result "1-0"]
[WhiteElo "3020"]
[BlackElo "2835"]
[TimeControl "180+1"]
[EndTime "9:19:06 PDT"]
[Termination "BillieKimbah won by resignation"]

1. d4 d5 2. Nf3 Nf6 3. Bg5 Ne4 4. Bh4 c6 5. e3 Qb6 6. Nbd2 Bf5 7. Be2 e6 8. O-O Nd7 9. c4 Nxd2 10. Qxd2 Bb4 11. Qc1 Qc7 12. c5 Qc8 13. a3 Ba5 14. b4 Bc7 15. b5 O-O 16. a4 e5 17. a5 a6 18. bxc6 bxc6 19. Qa3 Re8 20. Bg3 Be4 21. Qa4 Bxf3 22. Bxf3 exd4 23. exd4 Bxg3 24. hxg3 Nf8 25. Rab1 Ra7 26. Rb6 Rc7 27. Qb3 Ne6 28. Qd3 g6 29. Rd1 Ra7 30. Be2 Nxd4 31. Qxd4 Rxe2 32. Rdb1 Ra8 33. Rb7 Qf8 34. Rc7 Re4 35. Qf6 Re6 36.
Qf4 Rae8 37. Rbb7 R6e7 38. Rxe7 Rxe7 39. Rb6 Re4 40. Qf6 Re1+ 41. Kh2 Qh6+ 42. Qh4 Qxh4+ 43. gxh4 Rc1 44. Rxc6 Kg7 45. Kg3 d4 46. Kf3 d3 47.
Ke3 Rc3 48. Kd2 Rc2+ 49. Kxd3 Rxf2 50. Rxa6 Rxg2 51. c6 Rg3+ 52. Kd4 Rg1 53. Ra8 Rc1 54. Rc8 f5 55. a6 Ra1 56. c7 Ra4+ 57. Kc3 1-0

[Event "Early-Titled-Tuesday-Blitz-September-12-2023"]
[Site "Chess.com"]
[Date "2023.09.12"]
[Round "7"]
[White "carloseduar100"]
[Black "zverr1"]
[Result "0-1"]
[WhiteElo "2295"]
[BlackElo "2483"]
[TimeControl "180+1"]
[EndTime "9:19:07 PDT"]
[Termination "zverr1 won by checkmate"]

1. d4 Nf6 2. Bg5 d5 3. Nd2 c5 4.
e3 Nc6 5. c3 cxd4 6. exd4 Qb6 7. Qb3 e6 8. Qxb6 axb6 9. a3 Bd6 10. Bd3 Nd7 11. Ne2 f6 12. Bf4 e5 13. dxe5 fxe5 14. Bg3 O-O 15. O-O Bb8 16. f3 Nc5 17. Bc2 Bf5 18. Bxf5 Rxf5 19. Rad1 Bc7 20. Rfe1 Rd8 21.
Nf1 Rf7 22. Ne3 Rfd7 23. Rd2 d4 24. cxd4 exd4 25. Bxc7 Rxc7 26. Red1 dxe3 27. Rxd8+ Nxd8 28. Rxd8+ Kf7 29. Nc3 Na4 30. Rd3 Nxb2 31. Rxe3 Nc4 32.
Re1 Nxa3 33. Nd5 Rd7 34. Nxb6 Rd2 35. h4 h5 36. Re5 g6 37. Rc5 Nc2 38. Nc4 Re2 39.
Rc7+ Ke6 40. Rxb7 Kd5 41. Na5 Ne3 42. Rb5+ Ke6 43. Rg5 Kf6 44. Nc6 Nf5 45. g3 Rc2 46. Nd8 Nd4 47. Nb7 Nxf3+ 48. Kh1 Nxg5 49. hxg5+ Kxg5 50. Nd6 Kg4 51. Ne4 Kf3 52. Nf6 Kxg3 53. Ne4+ Kf3 54.
Ng5+ Kg4 55. Ne4 Kh3 56. Kg1 Rc1+ 57. Kf2 Rc4 58. Ng5+ Kg4 59. Nf3 Rf4 60. Kg2 Rxf3 61. Kh2 Rf2+ 62. Kh1 Kg3 63. Kg1 Rf3 64. Kh1 Rf1# 0-1

[Event "Early-Titled-Tuesday-Blitz-September-12-2023"]
[Site "Chess.com"]
[Date "2023.09.12"]
[Round "7"]
[White "LevonAronian"]
[Black "Shield12"]
[Result "1-0"]
[WhiteElo "3050"]
[BlackElo "2971"]
[TimeControl "180+1"]
[EndTime "9:19:08 PDT"]
[Termination "LevonAronian won by resignation"]

1. e4 c5 2. Nf3 d6 3. c3 Nf6 4.
Be2 g6 5. O-O Bg7 6. d3 O-O 7.
Be3 Nc6 8. Nbd2 b5 9. d4 cxd4 10. cxd4 a6 11. d5 Na5 12. Nd4 e5 13. dxe6 fxe6 14.
b4 Nb7 15. a4 bxa4 16. Rxa4 e5 17. Qb3+ Kh8 18. Ne6 Bxe6 19. Qxe6 Re8 20. Qa2 d5 21. Rxa6 Rxa6 22. Bxa6 Nd6 23. exd5 Qa8 24. Bc5 Rd8 25. Bc4 Qc8 26. Qa6 Nxc4 27. Qxc8 Rxc8 28. Nxc4 Nxd5 29.
Nd6 Rb8 30. Rb1 Bf8 31. Rb3 Kg7 32. g3 Kf6 33. Ne4+ Kf5 34. Bxf8 Kxe4 35. Bc5 Nc7 36.
Bd6 Rb7 37. Bxc7 Rxc7 38. Kg2 Rb7 39. b5 Rb6 40. Rb4+ Kd3 41. Kf3 Kc3 42. Rb1 Kc2 43. Re1 Rxb5 44. Re3 Kd2 45. g4 h6 46. h4 Ra5 47.
Kg3 Rc5 48. h5 g5 49. Kf3 Rb5 50. Ke4 Rb4+ 51. Kf5 Rf4+ 52. Kg6 e4 53. Kxh6 Rxg4 54.
Kg6 Rf4 55. Kxg5 Rxf2 56. Rxe4 Kd3 57. Rg4 Ke3 58. h6 Rf8 59. h7 Kf3 60. Rh4 Rh8 61. Kg6 Kg3 62. Rh1 Kg4 63. Kg7 1-0

[Event "Early-Titled-Tuesday-Blitz-September-12-2023"]
[Site "Chess.com"]
[Date "2023.09.12"]
[Round "7"]
[White "Orest_Vovk"]
[Black "Evgeny81"]
[Result "1-0"]
[WhiteElo "2567"]
[BlackElo "2734"]
[TimeControl "180+1"]
[EndTime "9:19:10 PDT"]
[Termination "Orest_Vovk won on time"]

1. g4 d5 2. h3 h5 3. g5 e5 4. Bg2 Qxg5 5. Bxd5 Nf6 6. Nf3 Qf5 7. Nh4 Qf4 8. Ng2 Qd4 9. Bb3 Nc6 10. d3 Bc5 11.
Be3 Qd6 12. Bxc5 Qxc5 13. Nc3 Nd4 14. e3 Nxb3 15. axb3 Bd7 16. Qf3 O-O-O 17. O-O-O Bc6 18. e4 Qe7 19. Ne3 g6 20. Ned5 Nxd5 21. exd5 Bd7 22. Qe3 Kb8 23. f4 Rhe8 24. Rde1 f6 25. d4 e4 26. Qxe4 Qd6 27. Qf3 Bf5 28. Kd2 Qb4 29.
Qf2 Rxe1 30. Kxe1 Rxd5 31. Qe3 Rxd4 32. Qe8+ Bc8 33. Rh2 Rxf4 34. Qxg6 Qd4 35. Re2 a6 36. Qg8 Rf3 37. Re8 Qf2+ 38. Kd1 Qf1+ 39. Re1 Qxh3 40. Kc1 Rf1 41. Qe8 Rxe1+ 42. Qxe1 Qe6 43. Qh1 Qe5 44.
Kb1 b6 45. Ka2 Bb7 46. Qh4 Ka7 47. b4 Qg5 48. Qc4 Qe5 49. b5 a5 50. Qa4 Kb8 51. Qh4 Qe6+ 52. b3 Qe5 53. Kb2 Qg5 54. Qd4 Qe5 55.
Qd8+ Bc8 56. Qh8 Kb7 57. Qh7 Be6 58. Qg7 Bg4 59. Qf8 Bf3 60. Qd8 1-0

[Event "Early-Titled-Tuesday-Blitz-September-12-2023"]
[Site "Chess.com"]
[Date "2023.09.12"]
[Round "7"]
[White "jguerramzllo"]
[Black "Rud_Makarian"]
[Result "1-0"]
[WhiteElo "2870"]
[BlackElo "2952"]
[TimeControl "180+1"]
[EndTime "9:19:16 PDT"]
[Termination "jguerramzllo won by resignation"]

1. e4 c5 2. Nf3 Nc6 3. d4 cxd4 4. Nxd4 e6 5. Nb5 Nf6 6. N1c3 d6 7. Bf4 e5 8. Bg5 a6 9. Na3 b5 10. Nd5 Be7 11.
Bxf6 Bxf6 12. c4 b4 13. Nc2 a5 14. g3 O-O 15. Bg2 Bg5 16. O-O g6 17. Qd3 Be6 18. Rad1 h5 19. f4 exf4 20. gxf4 Bh6 21. Nde3 Qb6 22.
Kh1 Rad8 23. b3 Qc5 24. Nd5 Bg7 25. Bf3 a4 26. Rg1 Bxd5 27. exd5 Ne7 28. Bxh5 axb3 29.
axb3 Rfe8 30. f5 Nxf5 31. Bxg6 fxg6 32. Rxg6 Re5 33. Rf1 Rf8 34. Rg5 Ne7 35. Rxg7+ Kxg7 36. Qg3+ Ng6 37. Rxf8 Kxf8 38. Qxg6 Qf2 39. Qxd6+ Re7 40. Qh6+ Kf7 41. Qh5+ Kf6 42. Qh6+ Kf7 43. Qh5+ Kg8 44. Qg6+ Kf8 45. Qh6+ Rg7 46. Qd6+ Kg8 47. Qe6+ Kh7 48. Qh3+ Kg6 49. Qg4+ Kh6 50. Qh3+ Kg6 51. Qg4+ Kf6 52. Qd4+ Qxd4 53. Nxd4 Ke5 54. Nc6+ Ke4 55. Nxb4 Kf3 56. h4 Rg4 57. h5 Kf2 58. Nd3+ Ke3 59. Ne5 Rh4+ 60. Kg2 Rxh5 61. d6 Rxe5 62. d7 Rg5+ 63. Kf1 Rg8 64. c5 Kd4 65. c6 Re8 66. dxe8=Q 1-0

[Event "Early-Titled-Tuesday-Blitz-September-12-2023"]
[Site "Chess.com"]
[Date "2023.09.12"]
[Round "7"]
[White "ljm509"]
[Black "Aash20"]
[Result "0-1"]
[WhiteElo "2341"]
[BlackElo "2503"]
[TimeControl "180+1"]
[EndTime "9:19:20 PDT"]
[Termination "Aash20 won by resignation"]

1. e4 c5 2. Nf3 g6 3. d4 cxd4 4.
Nxd4 Nc6 5. Nc3 Bg7 6. Be3 Nf6 7. f3 O-O 8. Bc4 d6 9. Qd2 Bd7 10. Bb3 Ne5 11. O-O-O Qa5 12. Kb1 Rfc8 13. h4 b5 14. Nd5 Qxd2 15. Rxd2 Nxd5 16. Bxd5 Nc4 17. Bxc4 Rxc4 18.
b3 Rc7 19. Rhd1 a6 20. Ne2 Rac8 21. Bd4 Bh6 22. f4 Bg4 23. g3 Bg7 24. Bxg7 Kxg7 25.
Rg1 Bxe2 26. Rxe2 Rc3 27. e5 dxe5 28. Rxe5 e6 29. Re2 Rd8 30. Kb2 Rf3 31. h5 Rd5 32. hxg6 hxg6 33. Rgg2 Rh5 34. Re1 Rh3 35. Reg1 Kf6 36.
Ka3 a5 37. Re1 Rhxg3 38. Rxg3 Rxg3 39. Re5 b4+ 40. Ka4 Rc3 41. Rxa5 Rxc2 42. Kxb4 Rf2 43. Rc5 Rxa2 44. Kc4 Rf2 45. b4 Rxf4+ 46. Kc3 Rf3+ 47. Kc4 Rf1 48. b5 Rb1 49. Rc8 g5 50. Rg8 Kf5 51. Kc5 g4 52. b6 Kf4 53. Kc6 f5 54. b7 e5 55. b8=Q Rxb8 56. Rxb8 g3 57. Kd5 e4 58. Kd4 e3 59. Rg8 e2 60. Re8 Kf3 61. Kd3 g2 62.
Re3+ Kf4 63. Kxe2 g1=Q 64. Rf3+ Ke4 65. Rf2 Qg4+ 0-1

[Event "Early-Titled-Tuesday-Blitz-September-12-2023"]
[Site "Chess.com"]
[Date "2023.09.12"]
[Round "7"]
[White "artooon"]
[Black "hansen"]
[Result "0-1"]
[WhiteElo "3037"]
[BlackElo "2895"]
[TimeControl "180+1"]
[EndTime "9:19:22 PDT"]
[Termination "hansen won by resignation"]

1. e4 e5 2. Nf3 Nc6 3. Bc4 Bc5 4. O-O Nf6 5. d4 Bxd4 6. Nxd4 Nxd4 7. Bg5 d6 8. f4 Qe7 9. fxe5 dxe5 10. Na3 Bd7 11. c3 Ne6 12. Bxf6 gxf6 13. Qf3 Rg8 14. Kh1 Rg6 15.
Qf2 Nc5 16. Rae1 a6 17. Nc2 Bc6 18. Qf5 Qd7 19. Ne3 Qxf5 20. exf5 Rg5 21. Bd5 O-O-O 22. Bxc6 bxc6 23. Rd1 Rd6 24. b3 Ne4 25. c4 Rg8 26.
Rde1 a5 27. Rf3 Rd3 28. Kg1 h5 29. Rh3 Ng5 30. Rg3 h4 31. Rg4 h3 32. Re2 Rgd8 33.
Kf2 Kb7 34. Rc2 Rd2+ 35. Rxd2 Rxd2+ 36. Kf1 Rxa2 37. gxh3 Nxh3 38. Rg7 Rf2+ 39. Ke1 Rf3 40. Ng4 Rxf5 41. Rxf7 Rf4 42. Ne3 Ng5 43. Rg7 Nf3+ 44. Ke2 Nxh2 45. c5 Nf3 46. Nc4 Nd4+ 47. Ke3 Nxb3 48. Nd6+ Kb8 49. Rg8+ Ka7 50. Rg7 Nxc5 51.
Rxc7+ Kb6 52. Rc8 Rh4 53. Nf5 Rh3+ 54. Ke2 a4 55. Ne7 Ne4 56. Rxc6+ Kb5 57. Rc8 a3 58. Nd5 Nc5 59. Ra8 a2 60. Kf1 Rh1+ 61. Kg2 a1=Q 62. Rxa1 Rxa1 0-1